 Dungeon Crawl Stone Soup version 0.20.0-8-g6b59dc7 (webtiles) character file.

42 Chiseanne the Magician (level 3, 0/24 HPs)
             Began as a Demonspawn Wizard on June 1, 2017.
             Succumbed to an adder's poison
             ... on level 2 of the Dungeon.
             The game lasted 00:02:32 (1460 turns).

Chiseanne the Magician (Demonspawn Wizard)          Turns: 1460, Time: 00:02:33

Health: 0/24       AC:  2    Str: 12    XL:     3   Next: 33%
Magic:  0/8        EV: 12    Int: 20    God:
Gold:   102        SH:  0    Dex: 11    Spells: 8/9 levels left

rFire    . . .     SeeInvis .   h - +0 mace
rCold    . . .     Gourm    .   (no shield)
rNeg     . . .     Faith    .   a - +0 robe
rPois    .         Spirit   .   b - +0 hat
rElec    .         Reflect  .   (no cloak)
rCorr    .         Harm     .   (no gloves)
MR       .....                  (no boots)
Stlth    ++........             (no amulet)
Regen    0.1/turn               (no ring)
MPRegen  0.2/turn               (no ring)

@: mighty, lethally poisoned (0 -> -9), very slightly contaminated
A: powered by death 1, rot immunity
a: no special abilities


You were on level 2 of the Dungeon.
You were hungry.

You visited 1 branch of the dungeon, and saw 2 of its levels.

You collected 102 gold pieces.

Inventory:

Hand Weapons
 h - a +0 mace (weapon)
Missiles
 e - 39 stones (quivered)
 f - 4 exploding tomahawks
 g - 5 needles of confusion
Armour
 a - a +0 robe (worn)
 b - a +0 hat (worn)
Scrolls
 j - a scroll of enchant armour {unknown}
 k - a scroll of remove curse {unknown}
Books
 c - a book of Minor Magic

   Spells                             Type                      Level
   a - Magic Dart                     Conjuration                  1
   b - Blink                          Translocation                2
   c - Call Imp                       Summoning                    2
   d - Slow                           Hexes                        2
   e - Conjure Flame                  Conjuration/Fire             3
   f - Mephitic Cloud                 Conjuration/Poison/Air       3
Comestibles
 d - a bread ration


   Skills:
 - Level 1.7 Dodging
 - Level 1.7 Stealth
 * Level 3.6 Spellcasting
 * Level 2.3 Conjurations
   Level 1.0 Summonings
   Level 0.8 Translocations


You had 8 spell levels left.
You knew the following spells:

 Your Spells              Type           Power        Failure   Level  Hunger
a - Magic Dart            Conj           ##..         4%          1    None


Dungeon Overview and Level Annotations

Branches:
Dungeon (2/15)

Altars:


Innate Abilities, Weirdness & Mutations

You regenerate a little health from kills.
You are immune to rotting.


Message History

You don't have enough magic to cast that spell.
Casting: Magic Dart
Confirm with . or Enter, or press ? or * to list all spells.
You don't have enough magic to cast that spell.
Casting: Magic Dart
Confirm with . or Enter, or press ? or * to list all spells.
You don't have enough magic to cast that spell.
You barely miss the adder.
The adder is moderately wounded.
You feel sick. The adder bites you. x2
* * * LOW HITPOINT WARNING * * *
It was a potion of might.
You feel very mighty all of a sudden. The adder bites you.
* * * LOW HITPOINT WARNING * * *
You are more poisoned.
The adder poisons you!
You miss the adder.
The adder is moderately wounded.
You die...

#.....#### [.# .......#...#
##.†....... #...........#
##..#.##....
.............###..##..#.....
................#.##...#.....
.....).........#.#.##.#.#.....
......................#.#
.......?.....#.##..#....#
..#...........SS@...#.#.#
........>...######....# ..
.............# #...## #
#....†......# ##.#.#
##..........# #..#.### .
#...........# #.#....#####..
#...........# #.#.##........
..)#........#####.#.##........
.# ##..........##.#.##........


You could see 2 adders.

Vanquished Creatures
  2 oozes
  2 dart slugs (D:1)
  2 giant cockroaches (D:1)
  3 goblins
  3 hobgoblins
  2 ball pythons (D:1)
  7 bats
  4 frilled lizards
  5 kobolds
  2 rats (D:1)
32 creatures vanquished.

Notes
Turn   | Place    | Note
-------+----------+-------------------------------------------
     0 | D:1      | Chiseanne the Demonspawn Wizard began the quest for the Orb.
     0 | D:1      | Reached XP level 1. HP: 13/13 MP: 4/4
   332 | D:1      | Gained mutation: You are immune to rotting. [demonic ancestry]
   332 | D:1      | Reached XP level 2. HP: 10/19 MP: 0/6
  1222 | D:2      | Gained mutation: You regenerate a little health from kills. [demonic ancestry]
  1222 | D:2      | Reached XP level 3. HP: 24/24 MP: 4/8
  1459 | D:2      | HP: 1/24 [adder (5)]
  1460 | D:2      | Succumbed to an adder's poison

Skill      XL: |  1  2 |
---------------+-------+-----
Conjurations   | 2 |  2.3
Dodging        | |  1.7
Stealth        | |  1.7
Spellcasting   | |  3.6
Summonings     | |  1.0
Translocations | |  0.8

Action                   || total
-------------------------++-------
Melee: Club              ||     5
       Mace              ||     5
 Cast: Magic Dart        ||    83
  Use: Potion            ||     1
  Eat: Chunk             ||     1
Armor: Robe              ||     6
Dodge: Dodged            ||    15
